Cogmind - Beta 15 @@@ ROGUE MODE // 2025.08.11 @ 22:57:28 Player: WitherScout Result: Destroyed by Y-45 Defender with Beam Rifle Performance ------------- Evolutions (1) 500 Regions Visited (3) 600 Robots Destroyed (4) 20 Value Destroyed (146) 146 Prototype IDs (1) 20 Alien Tech Used (0) 0 Bonus (0) 0 TOTAL SCORE: 1286 Bonus ------- None Cogmind --------- Core Integrity 0/400 Matter 285/300 Energy 100/100 System Corruption 3% Temperature Cool (11) Movement Flying (35) Location -9/Storage Parts ------- > --- POWER (1) -------- (None) > --- PROPULSION (3) --- VTOL Module > --- UTILITY (3) ------ (None) > --- WEAPON (2) ------- (None) > --- INVENTORY (5) ---- Light Ion Engine Drone Bay (0/2) Drone Bay (0/2) Rocket Launcher Rocket Launcher Peak State ------------ > --- POWER ------------ (None) > --- PROPULSION ------- (None) > --- UTILITY ---------- Drone Bay Drone Bay Drone Bay > --- WEAPON ----------- (None) > --- INVENTORY -------- Light Ion Engine Drone Bay Drone Bay Rocket Launcher Rocket Launcher [Rating: 16] Favorites ----------- Power Ion Engine Engine Ion Engine Propulsion Compact Wheel Wheel Compact Wheel Flight Unit VTOL Module Utility Small Storage Unit Device Drone Bay Storage Small Storage Unit Weapon Assault Rifle Ballistic Gun Assault Rifle Ballistic Cannon Mini Assault Cannon Launcher Rocket Launcher Build | -11 -10 -9 -9 ------- Run | Yrd Mat Mat Sto Slots Evolved 2 | . . 2 . Power . | . . . . Propulsion 1 | . . 1 . Utility 1 | . . 1 . Weapon . | . . . . Parts Attached 17 | 6 3 . 8 Power 1 | 1 . . . Engine 1 | 1 . . . Core . | . . . . Reactor . | . . . . Propulsion 4 | 2 . . 2 Treads . | . . . . Leg . | . . . . Wheel 2 | 2 . . . Hover . | . . . . Flight 2 | . . . 2 Utility 6 | 1 . . 5 Device 5 | . . . 5 Storage 1 | 1 . . . Processor . | . . . . Hackware . | . . . . Protection . | . . . . Artifact . | . . . . Weapon 6 | 2 3 . 1 Energy Gun . | . . . . Energy Cannon . | . . . . Ballistic Gun 3 | 2 1 . . Ballistic Cannon 1 | . . . 1 Launcher 2 | . 2 . . Special Weapon . | . . . . Impact Weapon . | . . . . Slashing Weapon . | . . . . Piercing Weapon . | . . . . Special Melee Weapon . | . . . . Unidentified Prototypes 1 | . . . 1 Parts Lost 4 | . . . 4 Power 1 | . . . 1 Propulsion 2 | . . . 2 Utility . | . . . . Weapon 1 | . . . 1 Highest Loss Streak 3 | . . . 3 To Critical Strikes . | . . . . Average Backups 3 | 1 3 4 4 Power . | . 1 1 1 Propulsion . | . . . . Utility . | . . . . Weapon 2 | . 2 3 2 Tool/Special . | . . . . Unused Backups 1 | . . . 1 Power 1 | . . . 1 Propulsion . | . . . . Utility . | . . . . Weapon . | . . . . Tool/Special . | . . . . Average Slot Usage (%) 56 | . 85 66 26 Engine 8 | . 14 11 2 Wheel 17 | . 28 22 5 Flight 1 | . . . 3 Device 2 | . . . 6 Storage 8 | . 14 11 3 Ballistic Gun 16 | . 28 22 2 Peak Build Rating 16 | 6 8 6 16 Average Rating 5 | 4 6 6 6 On Entrance 4 | . 6 6 6 Naked Turns 41 | . . . 41 Heaviest Build 18 | 13 13 13 18 Greatest Support 26 | 26 26 26 26 Greatest Overweight (x) 5 | . . . 5 Average Overweight (x) . | . . . . Largest Inventory Capacity 8 | 8 8 8 8 Average Capacity 7 | 7 8 8 5 Most Carried 6 | 2 4 4 6 Average Carried 3 | . 3 4 4 Final Capacity 8 | 8 8 8 5 Final Carried 5 | 2 4 4 5 Class Distribution -------------------- 100% | Mutant Dominant Class ---------------- Mutant | -10/Materials Mutant | -9/Materials Mutant | -9/Storage Resources | -11 -10 -9 -9 ----------- Run | Yrd Mat Mat Sto Matter Collected 382 | 181 81 39 81 Remotely . | . . . . Salvage Created 126 | . 87 39 . Parts 8 | . 6 2 . Haulers Intercepted . | . . . . Recyclers Shooed 1 | . . . 1 Parts Field Recycled . | . . . . Retrieved Matter . | . . . . Parts Self-Destructed . | . . . . Prevented . | . . . . Kills | -11 -10 -9 -9 ------- Run | Yrd Mat Mat Sto Combat Hostiles Destroyed 4 | . 3 1 . Guns 2 | . 1 1 . AOE 2 | . 2 . . Classes Destroyed 1 | . 1 . . Grunt 4 | . 3 1 . Best Kill Streak 3 | . 3 1 . Combat Bots Only 3 | . 3 1 . Max Kills in Single Turn 2 | . 2 1 . Gunslinging . | . . . . Exploded 2 | . 2 . . Melee . | . . . . Uniques/NPCs Destroyed . | . . . . Combat | -11 -10 -9 -9 -------- Run | Yrd Mat Mat Sto Hostile Shots Fired 107 | . 11 19 77 Missed 41 | . 2 6 33 Hits 66 | . 9 13 44 Projectile 66 | . 9 13 44 Critical Strikes 2 | . . 1 1 Damage Taken 895 | . 113 179 603 Core 461 | . 49 52 360 Absorbed by Shields . | . . . . Core Remaining (%) 90 | 100 80 . . Volleys Fired 3 | . 2 1 . Largest 2 | . 2 2 . Hottest 66 | . 66 40 . Shots Fired 6 | . 4 2 . Gun 4 | . 2 2 . Cannon . | . . . . Launcher 2 | . 2 . . Special . | . . . . Kinetic 4 | . 2 2 . Thermal . | . . . . Explosive 2 | . 2 . . Electromagnetic . | . . . . Robot Hit Streak 4 | . 3 4 . Robot Miss Streak . | . . . . Penetration Max . | . . . . Secondary Targets . | . . . . Shots Hit Robots 4 | . 3 1 . Core Hits 7 | . 5 1 1 Critical Kills . | . . . . Critical Parts Destroyed . | . . . . Critical Strikes . | . . . . Melee Attacks . | . . . . Impact . | . . . . Slashing . | . . . . Piercing . | . . . . Sneak Attacks . | . . . . Combat Hostiles . | . . . . Follow-up Attacks . | . . . . Damage Inflicted 217 | . 176 23 18 Guns 41 | . 18 23 . Cannons . | . . . . Explosions 158 | . 158 . . Melee . | . . . . Ramming 18 | . . . 18 Kinetic 41 | . 18 23 . Thermal . | . . . . Explosive 158 | . 158 . . Electromagnetic . | . . . . Impact . | . . . . Slashing . | . . . . Piercing . | . . . . Highest Corruption 3 | . . . 3 Average Corruption 2 | . . . 2 Corruption Purged . | . . . . Corruption Blocked . | . . . . Effects 1 | . . . 1 Data Loss (minor) 1 | . . . 1 Overload Shots . | . . . . Overflow Damage . | . . . . Projectiles . | . . . . Explosions . | . . . . Melee . | . . . . Knockbacks . | . . . . Impact . | . . . . Kinetic . | . . . . Secondary . | . . . . Self-Inflicted Damage 18 | . 11 . 7 Shots 1 | . 1 . . Rammed 7 | . . . 7 Targets Rammed 7 | . . . 7 Kicked . | . . . . Crushed . | . . . . Highest Temperature 18 | . 18 4 . Average Temperature 10 | . 12 4 . Received Heat Transfer 372 | . 54 75 243 Siege Activations . | . . . . Martial Activations . | . . . . Shielding Activations . | . . . . Robots Disrupted . | . . . . Combat Hostiles . | . . . . Robots Corrupted . | . . . . Combat Hostiles . | . . . . Parts Fried . | . . . . Impact Corruptions . | . . . . Robots Melted . | . . . . Combat Hostiles . | . . . . Parts Melted . | . . . . Heat Transferred . | . . . . Parts Sabotaged . | . . . . Parts Stolen . | . . . . Parts Stripped . | . . . . Power Chain Reactions . | . . . . Alert | -11 -10 -9 -9 ------- Run | Yrd Mat Mat Sto Maximum Alert Level . | . . . . Low Security (%) 100 | 100 100 100 100 Level 1 . | . . . . Level 2 . | . . . . Level 3 . | . . . . Level 4 . | . . . . Level 5 . | . . . . High Security . | . . . . Max Security . | . . . . Peak Influence 87 | . 87 36 22 Initial 36 | . . 36 5 Average 11 | . 17 17 4 Influence Increases 238 | . 97 72 69 Destroy 0b10 Robot/C 80 | . 60 20 . Destroy Leader 10 | . 10 . . Successful Hack 16 | . . 7 9 Disable Machine 15 | . 15 . . Destroy Structure 12 | . 12 . . Lose Combat Pursuer 105 | . . 45 60 Influence Decreases 238 | . 10 144 84 Entered New Map 61 | . . 51 10 Time Decay 133 | . 10 93 30 Lost Part 2 | . . . 2 Lost Ally 42 | . . . 42 Squads Dispatched 4 | . 1 3 . Investigation 3 | . 1 2 . Extermination . | . . . . Reinforcement 1 | . . 1 . Assault . | . . . . Garrison . | . . . . Intercept . | . . . . Searches Triggered . | . . . . Construction Impeded . | . . . . Haulers Reinforced . | . . . . Active Scanning Responses . | . . . . Cargo Convoy Interrupts . | . . . . Stealth | -11 -10 -9 -9 --------- Run | Yrd Mat Mat Sto Distress Signals 5 | . . 3 2 Communications Jammed . | . . . . Distress Signals . | . . . . Times Spotted 32 | . 3 14 15 Peak Tracking Total 10 | . 5 8 10 Tactical Retreats 6 | . . 3 3 Traps | -11 -10 -9 -9 ------- Run | Yrd Mat Mat Sto Traps Triggered 3 | . 1 1 1 Indirectly . | . . . . Trap Hack Attempts . | . . . . Triggered . | . . . . Disarmed . | . . . . Reprogrammed . | . . . . Reused . | . . . . Traps Extracted . | . . . . Installed . | . . . . Triggered . | . . . . Machines | -11 -10 -9 -9 ---------- Run | Yrd Mat Mat Sto Machines Disabled 1 | . 1 . . Max in Single Turn 1 | . 1 . . Machines Repaired . | . . . . Machines Dismantled . | . . . . Machines Sabotaged . | . . . . Overloaded Fab Kills . | . . . . Hacking | -11 -10 -9 -9 --------- Run | Yrd Mat Mat Sto Machines Accessed 4 | . . 2 2 Terminals 4 | . . 2 2 Fabricators . | . . . . Repair Stations . | . . . . Recycling Units . | . . . . Scanalyzers . | . . . . Garrison Access . | . . . . Total Hacks 11 | . . 9 2 Successful 3 | . . 1 2 Failed 8 | . . 8 . Catastrophic 2 | . . 2 . Database Lockouts . | . . . . Manual 5 | . . 5 . Terminals 11 | . . 9 2 Fabricators . | . . . . Repair Stations . | . . . . Recycling Units . | . . . . Scanalyzers . | . . . . Garrison Access . | . . . . Terminal Hacks 3 | . . 1 2 Open Door 2 | . . . 2 Branch Access Points 1 | . . 1 . Fabricator Hacks . | . . . . Repair Station Hacks . | . . . . Recycling Unit Hacks . | . . . . Scanalyzer . | . . . . Garrison Access Hacks . | . . . . Unauthorized Hacks . | . . . . Terminals . | . . . . Fabricators . | . . . . Repair Stations . | . . . . Recycling Units . | . . . . Scanalyzers . | . . . . Garrison Access . | . . . . Data Cores Recovered . | . . . . Used . | . . . . Hacking Detections 3 | . . 2 1 Full Trace Events 2 | . . 2 . Feedback Events . | . . . . Feedback Blocked . | . . . . Robot Schematics Acquired . | . . . . Robots Built . | . . . . Authchips . | . . . . Time . | . . . . Total Robot Build Rating . | . . . . Part Schematics Acquired . | . . . . Parts Built . | . . . . Authchips . | . . . . Time . | . . . . Total Part Build Rating . | . . . . Parts Repaired . | . . . . Time . | . . . . Parts Recycled . | . . . . Recycled Matter . | . . . . Retrieved Matter . | . . . . Retrieved Components . | . . . . Parts Scanalyzed . | . . . . Part Schematics Acquired . | . . . . Parts Damaged . | . . . . Bothacking | -11 -10 -9 -9 ------------ Run | Yrd Mat Mat Sto Used RIF Installer . | . . . . Robots Hacked . | . . . . Non-combat . | . . . . Combat . | . . . . Robot Hacks Applied . | . . . . Relay Couplers Released . | . . . . Fabnet Peak Effective % . | . . . . Robots Rewired . | . . . . Allies Hacked . | . . . . Hacks Repelled . | . . . . Allies | -11 -10 -9 -9 -------- Run | Yrd Mat Mat Sto Total Allies . | . . . . Largest Group . | . . . . Highest-Rated Group . | . . . . Highest-Rated Ally . | . . . . Total Orders . | . . . . Ally Attacks . | . . . . Total Damage . | . . . . Kills . | . . . . Allies Corrupted . | . . . . Allies Melted . | . . . . Intel | -11 -10 -9 -9 ------- Run | Yrd Mat Mat Sto Active Infowar (turns) . | . . . . Robot Analysis Total . | . . . . Derelict Logs Recovered . | . . . . Drone Launches 20 | . . . 20 Drone Recoveries 10 | . . . 10 Exploration | -11 -10 -9 -9 ------------- Run | Yrd Mat Mat Sto Turns Passed 514 | 44 76 231 163 Spaces Moved 578 | 37 69 253 219 Core 73 | 3 . . 70 Treads . | . . . . Legs . | . . . . Wheels 397 | 34 69 253 41 Hover . | . . . . Flight 108 | . . . 108 Fastest Speed 32 | 50 90 90 32 Average Speed 77 | 90 90 90 57 Slowest Speed 300 | 100 90 90 300 Overloaded Moves . | . . . . Propulsion Burnouts . | . . . . Robots Hopped 5 | . . . 5 Potential Cave-ins . | . . . . Cave-ins Triggered . | . . . . Exploration Rate (%) 26 | 3 26 32 45 Regions Visited 3 Branch Regions 1 Pre-discovered Areas . | . . . . Known Exits Taken 1 | . . 1 . Unknown Exits Taken 2 | 1 1 . . Scrap Searched . | . . . . Spaces Dug . | . . . . Terrain Destroyed 11 | . 11 . . Melee . | . . . . Projectile . | . . . . AOE 11 | . 11 . . Terrain Rammed . | . . . . Walls Destroyed . | . . . . Machines Disabled . | . . . . Actions | -11 -10 -9 -9 --------- Run | Yrd Mat Mat Sto Total 627 | 44 76 254 253 Wait 10 | . . 1 9 Move 565 | 36 68 252 209 Hop 5 | . . . 5 Pick Up 4 | 2 2 . . Fast Attach 14 | 6 . . 8 Attach 1 | . . . 1 Detach 4 | . . . 4 Swap 6 | . 4 . 2 Drop 8 | . . . 8 Fire 3 | . 2 1 . Melee . | . . . . Ram 7 | . . . 7 Kick . | . . . . Crush . | . . . . Escape Stasis . | . . . . Rewire . | . . . . Trap . | . . . . Miscellaneous . | . . . . Route ------- -11/Scrapyard -10/Materials -9/Materials (discovered 3 exits: Min / *Sto x2) -9/Storage History --------- Turn | Location | Event 21 | -11/Scrapyard | Discovered new exit (range 16) 45 | -11/Scrapyard | Entered Materials 99 | -10/Materials | Discovered new exit (range 12) 121 | -10/Materials | Entered another Materials area 121 | -9/Materials | Evolved 2 slots: Propulsion x1, Utility x1 194 | -9/Materials | Identified exit to Mines 194 | -9/Materials | Identified exit to Storage 300 | -9/Materials | Build established: Mutant 352 | -9/Materials | Entered Storage 398 | -9/Storage | Core integrity fell below 50% 419 | -9/Storage | Lost 3 parts (1p1n1w) 472 | -9/Storage | Core integrity fell below 20% 499 | -9/Storage | Lost 10 allies 515 | -9/Storage | Destroyed by Y-45 Defender with Beam Rifle Last Messages --------------- Dropped Drone Bay. Drone destroyed. Dropped Drone Bay. >> Lost connection to Drone. Slammed into G-34 Mercenary. G-34 Mercenary destroyed. Acquired 12 matter. Acquired 34 matter. Slammed into Y-45 Defender. Destabilizing: System corrupted (+1). Slammed into Y-45 Defender. Drone destroyed. Acquired 10 matter. Acquired 25 matter. Acquired VTOL Module. K-01 Serf collects debris. Acquired VTOL Module. VTOL Module destroyed. K-01 Serf cleans the Packing Station. K-01 Serf cleans the Terminal. Map ----- +----------------------------------------------------+ | # #??????????????????????????? | | # ########## [ #??????????????????????????? | | #######????????##]= ##??????????????????????????? | | #???????????????#[ #???????????????????????????? | | #???????????????# #???????????????????????????? | | #???????????????# #???????????????????????????? | | #???????????????# #???????????????????????????? | | #???????????????+ #???????????????????????????? | | ##???????????????# #???????????????????????????? | | #???????????????# #???????????????????????????? | | ###########?????# #???????????????????????????? | | ## #????## ##??????????????????????????? | | ## #????# #######????????????????????? | | ### ###### ## #????????????????????? | | #?# / T ##[ #????????????????????? | | #?# ###### ##] #????????????????????? | | #?# #????# ## *#????????????????????? | | ### ############# = #????????????????????? | | ## ## +! #????????????????????? | | ## ## ########k######????????????????????? | | ######+##### #???## T #??????????????????????? | | #???# Y #??????????????????????? | | #### #???## #??????????????????????? | | ####+###### #??????????????????????? | | """ # # #??????????????????????? | | """ # # """ @#??????????????????????? | | """" # # """ +??????????????????????? | | """" # # """ #??????????????????????? | | """" + # #??????????????????????? | | "" # """ """ # #??????????????????????? | | # """ """ #[* #??????????????????????? | | # """ """ #[ #??????????????????????? | | """ ########### #??????????????????????? | | """ #?????????########??????????????????????? | | """" #???????????????????????????????????????? | | """" #???????????????????????????????????????? | | """" #???????????????????????????????????????? | | "" #???????????????????????????????????????? | | #???????????????????????????????????????? | | #???????????????????????????????????????? | | ###### #???????????????????????????????????????? | | T????# #???????????????????????????????????????? | | #????? #???????????????????????????????????????? | | "????? ????????????????????????????????????????? | | ?????????????????????????????????????????????????? | | ?????????????????????????????????????????????????? | | ?????????????????????????????????????????????????? | | ?????????????????????????????????????????????????? | | ?????????????????????????????????????????????????? | | ?????????????????????????????????????????????????? | +----------------------------------------------------+ Best States ------------- Heat Dissipation 28 Energy Generation 10 Energy Capacity 250 Matter Stores 290 Matter Capacity 300 Sight Range 16 Terrain Scan Density 10 Evasion (%) 63 Item Schematics ----------------- None Robot Schematics ------------------ None Fabricated ------------ Nothing Repaired ---------- Nothing Alien Tech Used ----------------- None Achievements -------------- Release The Drones! Challenges ------------ None Game ------ Seed DecoderSpliceBarrier Manual? 0 Play Time 00:10:01 Cumulative 10.5 hours Start 2025.08.11 @ 22:47:58 End 2025.08.11 @ 22:57:28 Sessions 1 Manual Loads 0 Difficulty Rogue Special Mode None Game No. 21 Rogue 21 Adventurer 0 Explorer 0 Win Type - Total 0 Types 0/0/0/0/0/0/0/0/0/0 Lore% 2 Gallery% 14 Achievement% 17 Wizard Run 0 Options --------- Layout 1 ASCII 1 Keyboard 0 Movement Numpad Keybinds 0 Fullscreen 1 Font 24/Cog Map View 50x35 Zoom Use 0% Tactical HUD 0 Map Filters NONE Filters NONE Steam 0 RUN: 00cdc9e8-38e4-4c27-92bf-bb3b4e90807f